 Dungeon Crawl Stone Soup version 0.27.0-1-g7a089689b8 (webtiles) character file.

Game seed: 5658080360850062218

2014 lmSkywalker the Ducker (level 9, -6/56 HPs)
             Began as a Djinni Hedge Wizard on Aug 10, 2021.
             Was a Priest of Makhleb.
             Mangled by a wyvern (7 damage)
             ... on level 7 of the Dungeon on Aug 11, 2021.
             The game lasted 00:57:27 (13529 turns).

lmSkywalker the Ducker (Djinni Hedge Wizard)       Turns: 13529, Time: 00:57:27

Health: -6/56      AC:  4    Str: 14    XL:     9   Next: 46%
Gold:   223        EV: 13    Int: 20    God:    Makhleb [***...] SH:  0 Dex: 12

rFire    + + .     SeeInvis .   A - +8 dagger of Honour {freeze, Str+5}
rCold    . . .     Faith    .   (no shield)
rNeg     . . .     Spirit   .   m - +0 leather armour
rPois    ∞         Reflect  .   c - +0 hat
rElec    .         Harm     .   k - +0 cloak
rCorr    .         Rampage  .   (no gloves)
Will     .....                  (boots unavailable)
Stlth    +.........             y - amulet of the acrobat
HPRegen  0.18/turn              i - ring of protection from cold
MPRegen  0.00/turn              o - ring of wizardry

@: flying
A: sickness immunity, fire resistance 2, cold vulnerability 1, float, innate
caster, hp casting, extra vitality 1
a: Renounce Religion, Minor Destruction, Lesser Servant of Makhleb


You were on level 7 of the Dungeon.
You worshipped Makhleb.
Makhleb was most pleased with you.
You visited 1 branch of the dungeon, and saw 8 of its levels.

You collected 319 gold pieces.
You spent 96 gold pieces at shops.

Inventory:

Hand Weapons
 A - the +8 dagger of Honour (weapon) {freeze, Str+5}
   (You found it on level 5 of the Dungeon)

   It freezes those it strikes, dealing additional cold damage.
   It can also slow down cold-blooded creatures.
   Str:       It affects your strength (+5).
Missiles
 d - 3 curare-tipped darts
 g - 196 stones
 p - 64 poisoned darts
 C - 2 throwing nets
Armour
 c - a +0 hat (worn)
 k - a +0 cloak (worn)
 m - a +0 leather armour (worn)
Jewellery
 i - a ring of protection from cold (left hand)
 o - a ring of wizardry (right hand)
 v - a ring of protection from cold
 y - an amulet of the acrobat (around neck)
Wands
 r - a wand of iceblast (6)
 z - a wand of paralysis (10)
 B - a wand of flame (7)
Scrolls
 a - a scroll of brand weapon {unknown}
 b - a scroll of torment {unknown}
 e - 2 scrolls of enchant armour {unknown}
 f - a scroll of silence {unknown}
 h - 2 scrolls of blinking
 l - 2 scrolls of magic mapping
 w - a scroll of noise {unknown}
 x - 2 scrolls of fog {unknown}
Potions
 j - 2 potions of attraction
 n - 3 potions of might
 q - 2 potions of magic {unknown}
 s - a potion of lignification {unknown}
 t - 3 potions of brilliance
 u - 5 potions of curing


   Skills:
 - Level 0.9 Fighting
 + Level 4.7 Short Blades
 + Level 1.5 Armour
 + Level 6.3 Dodging
 - Level 1.5 Stealth
 + Level 6.0 Spellcasting
 - Level 4.1 Invocations
 - Level 1.6 Evocations


You couldn't memorise any spells.
You knew the following spells:

 Your Spells              Type           Power      Damage    Failure   Level
a - Call Imp              Summ           30%        N/A       1%          2
b - Mephitic Cloud        Conj/Pois/Air  30%        N/A       1%          3
c - Blink                 Tloc           N/A        N/A       1%          2
d - Dazzling Flash        Conj/Hex       60%        N/A       1%          3
e - Slow                  Hex            30%        N/A       1%          2
f - Static Discharge      Conj/Air       30%        N/A       1%          2
g - Sandblast             Erth           60%        2d14      1%          1
h - Magic Dart            Conj           100%       1d8       1%          1
i - Wereblood             Tmut           30%        N/A       1%          2
j - Conjure Flame         Conj/Fire      30%        6-21      1%          3
Your spell library was empty.

Dungeon Overview and Level Annotations

Branches:
Dungeon (8/15)             Temple (0/1) D:7
   Lair: D:8-11

Altars:
Makhleb
Nemelex Xobeh
Vehumet
Wu Jian
The Shining One

Shops:
D:7 :   D:8 **

Annotations:
D:3 2 transporters, 1 runed translucent door, Crazy Yiuf; Kalaber's ghost, weakling PaFi


Innate Abilities, Weirdness & Mutations

You are immune to sickness and miasma.
You are immune to poison.
Your flesh is very heat resistant. (rF++)
You are vulnerable to cold. (rC-)
You float through the air rather than walking.
You learn spells naturally, not from books.
Your magical power is your life essence.
You have superior vitality. (+4 HP)


Message History

The wyvern bites you.
The white imp shouts, "Slither home, thou pox-marked tip-merry varlet!"
The white imp gestures at you. The puff of frost hits your white imp.
Your white imp resists.
The wyvern bites you.
The blast of sand hits the wyvern!
The wyvern is almost dead.
The wyvern bites you!
A sky beast comes into view.
The white imp closely misses your white imp.
The blast of sand hits the wyvern.
The wyvern is almost dead.
The wyvern barely misses you.
Your white imp barely misses the white imp.
The white imp hits your white imp but does no damage.
The wyvern bites you.
You are too injured to fight recklessly!
Aiming: Sandblast (safe; 1% risk of failure)
Press: ? - help, Q - select action, (/) - cycle Shift-Dir - straight line, f/p - wyvern
Aim: a wyvern (almost dead, 82% to hit)
The blast of sand misses the wyvern.
Your white imp gestures at the white imp.
The puff of frost hits the white imp.
The white imp resists.
The wyvern bites you!
* * * LOW HITPOINT WARNING * * *
The white imp hits your white imp. The white imp freezes your white imp.
Your white imp completely resists.
Aiming: Sandblast (safe; 1% risk of failure)
Press: ? - help, Q - select action, (/) - cycle Shift-Dir - straight line, f/p - wyvern
Aim: a wyvern (almost dead, 82% to hit)
The blast of sand misses the wyvern.
* * * LOW HITPOINT WARNING * * *
The wyvern bites you!
* * * LOW HITPOINT WARNING * * *
Your white imp hits the white imp but does no damage.
The white imp hits your white imp. The white imp freezes your white imp.
Your white imp resists.
The wyvern bites you!
You die...

.. #....####....####....####...
..####....####....####....####...
...#.......#.......#.......#....
......##......##......##......#.
#....# ##....####....####.....#.
##+# ###'## #####.##.#..#.#. ##.#
#.##### ##..##..#.#. #..# #.....#
#..#####+#. #.## #####@# #### #.
#.### #l# #. #.#)## #...# #.
#.#))# #..5# #. #.##?.... #.##5.
#. #.# [⌠..⌠ #.# ..# #. #.# ....
#.. #.. #. #)# ... +.. ..# #. #.#
.).. #.# #. #.


You could see a wyvern, a white imp (ally target) and a friendly white imp
(summoned).

Vanquished Creatures
  A wraith (D:7)
  An ice beast (D:3)
  A black bear (D:5)
  An ogre (D:4)
  3 sky beasts
  A kobold brigand (D:7)
  A scorpion (D:6)
  5 killer bees (D:7)
  2 bullfrog zombies (D:7)
  2 hounds
  A jelly (D:5)
  A gnoll shaman (D:6)
  Terence (D:3)
  A scorpion zombie (D:5)
  5 iguanas
  3 orc wizards
  A killer bee zombie (D:6)
  A mummy (D:6)
  A howler monkey zombie (D:7)
  2 gnolls (D:6)
  2 howler monkey skeletons
  8 adders
  2 river rats (D:6)
  A worm (D:2)
  2 dart slugs
  17 orcs
  5 bats
  2 endoplasms
  3 giant cockroaches
  5 goblins
  4 hobgoblins
  7 jackals
  5 quokkas
  10 ball pythons
  7 frilled lizards
  2 hobgoblin zombies (D:6)
  6 kobolds
  A kobold zombie (D:6)
  An orc zombie (D:6)
  11 rats
136 creatures vanquished.

Vanquished Creatures (collateral kills)
  A komodo dragon (D:7)
  A centaur zombie (D:5)
  2 hounds
  A jelly (D:5)
  2 iguanas (D:5)
  Ijyb (D:3)
  A howler monkey zombie (D:5)
  5 gnolls
  2 adders
  2 orcs
  A giant cockroach (D:6)
  2 kobolds
  A bat (D:1)
22 creatures vanquished.

Vanquished Creatures (others)
  A killer bee (D:7)
  A fungus (D:1)
  12 plants
14 creatures vanquished.

Grand Total: 172 creatures vanquished

Notes
Turn   | Place    | Note
-------+----------+-------------------------------------------
     0 | D:1      | lmSkywalker the Djinni Hedge Wizard began the quest for the
                  | Orb.
     0 | D:1      | Reached XP level 1. HP: 15/15 MP: 0/0
   655 | D:1      | Reached XP level 2. HP: 20/21 MP: 0/0
  1180 | D:1      | Found a faded altar of an unknown god.
  1211 | D:1      | Became a worshipper of Makhleb the Destroyer
  1211 | D:1      | Reached * piety under Makhleb
  1236 | D:1      | Reached XP level 3. HP: 13/25 MP: 0/0
  1236 | D:1      | Learned a level 1 spell: Sandblast
  2903 | D:2      | Reached XP level 4. HP: 27/31 MP: 0/0
  3116 | D:2      | Reached ** piety under Makhleb
  3498 | D:3      | Noticed Terence
  3541 | D:3      | Noticed an ice beast
  3613 | D:3      | Found a transporter.
  3710 | D:3      | Noticed Ijyb
  3969 | D:3      | Found a transporter.
  4614 | D:3      | Killed Terence
  4977 | D:3      | Reached XP level 5. HP: 22/36 MP: 0/0
  4977 | D:3      | Learned a level 2 spell: Wereblood
  5205 | D:3      | Killed Ijyb
  5205 | D:3      | Noticed Kalaber's ghost (weakling PaFi)
  6068 | D:4      | Found a glowing golden altar of the Shining One.
  6070 | D:4      | Found a sparkling altar of Nemelex Xobeh.
  6289 | D:4      | Noticed an ogre
  6306 | D:4      | Killed an ogre
  6307 | D:4      | Reached XP level 6. HP: 30/41 MP: 0/0
  7038 | D:5      | Entered Level 5 of the Dungeon
  7827 | D:5      | Reached XP level 7. HP: 32/46 MP: 0/0
  7827 | D:5      | Learned a level 2 spell: Static Discharge
  8175 | D:3      | Reached skill level 5 in Spellcasting
  8313 | D:3      | Found a runed translucent door.
  8314 | D:3      | Noticed Crazy Yiuf
  9394 | D:5      | Identified the +8 dagger of Honour {freeze, Str+5}
  9475 | D:6      | Reached skill level 5 in Dodging
  9587 | D:6      | Reached XP level 8. HP: 47/51 MP: 0/0
  9725 | D:6      | Reached skill level 1 in Short Blades
  9730 | D:6      | Noticed a gargoyle
 10728 | D:6      | Reached *** piety under Makhleb
 11571 | D:7      | Reached skill level 1 in Invocations
 11571 | D:7      | Reached skill level 1 in Evocations
 11971 | D:7      | Reached XP level 9. HP: 31/56 MP: 0/0
 11971 | D:7      | Learned a level 3 spell: Dazzling Flash
 12253 | D:7      | Found a staircase to the Ecumenical Temple.
 12282 | D:7      | Found an ornate altar of the Wu Jian Council.
 12361 | D:7      | Noticed a komodo dragon
 12772 | D:8      | Found Macluteu's Specific Store.
 12774 | D:8      | Found Lalask's General Store.
 12786 | D:8      | Bought a scroll of identify for 24 gold pieces
 12786 | D:8      | Bought a scroll of identify for 24 gold pieces
 12786 | D:8      | Bought a potion of brilliance for 48 gold pieces
 12818 | D:8      | Found a burning altar of Makhleb.
 12863 | D:7      | Found Qoklagopt's Book Emporium.
 12997 | D:7      | Killed a komodo dragon
 12998 | D:7      | Reached skill level 1 in Armour
 13529 | D:7      | HP: 1/56 [wyvern (8)]
 13529 | D:7      | Mangled by a wyvern

Illustrated notes

Levels and vault maps discovered:
D:1:      roderic_chinese_lattice_arrival, layout_basic,
          shapermc_ecumenical_altar_mp_ritualfount, minmay_tetromino_s4
D:2:      layout_loops_ring, grunt_decor_arrowhead
D:3:      layout_basic, gammafunk_ghost_stat_death, hex_tiny, wad_orctagon,
          uniq_crazy_yiuf_cottage, uniq_terence, uniq_ijyb
D:4:      layout_cave_pods, chequers_temple_overflow_statue_of_worship
D:5:      layout_gridville
D:6:      layout_basic, vehumet_altar_wand_db, portal_sewer_entry_e,
          minmay_mini_ossuary
D:7:      wad_guarded_room, layout_basic, mainiacjoe_overflow_tiny_flanked,
          minmay_temple_entry_glass, serial_shops, shop,
          hangedman_decor_peaks_small, minmay_tree_intersection,
          minmay_lizard_king
D:8:      layout_layer_cave, lemuel_mausoleum_altar_kikubaaqudgha,
          bloody_makhleb, serial_shops, shop, nicolae_specific_store

Skill      XL: |  1  2  3  4  5  6  7  8  9 |
---------------+----------------------------+-----
Spellcasting   | 3 4 5 6 |  6.0
Dodging        | 3 4 5 6 |  6.3
Short Blades   | 3 4 |  4.7
Invocations    | 2 4 |  4.1
Evocations     | 1 |  1.6
Armour         | 1 |  1.5
Fighting       | |  0.9
Stealth        | |  1.5

Action                   |  1- 3 |  4- 6 |  7- 9 || total
-------------------------+-------+-------+-------++-------
Melee: Dagger            |    45 |    13 |   102 ||   160
Throw: Dart              |       |       |     4 ||     4
 Cast: Magic Dart        |    85 |   149 |   133 ||   367
       Call Imp          |     6 |    25 |    40 ||    71
       Blink             |     1 |       |     1 ||     2
       Slow              |       |     7 |       ||     7
       Mephitic Cloud    |       |     4 |    21 ||    25
       Sandblast         |       |       |    25 ||    25
       Dazzling Flash    |       |       |     8 ||     8
  Use: Scroll            |       |     4 |     3 ||     7
 Stab: Distracted        |     1 |       |       ||     1
       Sleeping          |       |     1 |     1 ||     2
       Confused          |       |       |     7 ||     7
       Invisible         |       |       |     2 ||     2
Armor: Robe              |    15 |     9 |     1 ||    25
       Leather armour    |       |       |    17 ||    17
Dodge: Dodged            |    47 |    53 |    85 ||   185
